Construct Section Command Post
Selects Indian Artillery Battlegroup
Selects Towed ML 4.2-inch Heavy Mortar
Towed ML 4.2-inch Heavy Mortar
Construct Platoon Command Post
6-pounder Anti-tank Gun Team
Selects Gurkha Rifles Section
Construct Company Command Post
Selects Volunteer Infantry
Selects Off-map Airburst Barrage
Unlock Towed 17-pounder Anti-tank Guns
17-pounder Anti-tank Gun Team
Selects Perimeter Monitor
Unlock M3 Grant Medium Tanks